 Dungeon Crawl Stone Soup version 0.24-a0-378-g94936e539c (webtiles) character file.

Game seed: 6826465257748425305

959 Gargoyl the Chopper (level 7, -5/59 HPs)
             Began as a Centaur Abyssal Knight on June 1, 2019.
             Was a Priest of Lugonu.
             Killed from afar by an orc wizard (9 damage)
             ... with a magic dart
             ... on level 5 of the Dungeon.
             The game lasted 00:08:11 (6229 turns).

Gargoyl the Chopper (Centaur Abyssal Knight)        Turns: 6229, Time: 00:08:12

Health: -5/59      AC:  8    Str: 15    XL:     7   Next: 91%
Magic:  9/10       EV:  9    Int: 11    God:    Lugonu [***...]
Gold:   187        SH:  0    Dex: 10    Spells: 6/6 levels left

rFire    . . .     SeeInvis +   a - +3 hand axe
rCold    . . .     Gourm    .   (no shield)
rNeg     . . .     Faith    .   n - +0 ring mail
rPois    .         Spirit   .   l - +1 helmet
rElec    .         Reflect  .   b - scarf {repulsion}
rCorr    +         Harm     .   (no gloves)
MR       .....                  (no barding)
Stlth    ..........             (no amulet)
HPRegen  0.19/turn              d - ring of resist corrosion
MPRegen  0.12/turn              m - ring of see invisible

@: confused, slowed, repel missiles
A: large, hooves 3, deformed body, speed 2, tough skin 3
a: Depart the Abyss, Bend Space, Banish, Renounce Religion


You were on level 5 of the Dungeon.
You worshipped Lugonu.
Lugonu was most pleased with you.
You were not hungry.

You visited 1 branch of the dungeon, and saw 5 of its levels.
You visited the Abyss 1 time.
You also visited: Sewer.

You collected 187 gold pieces.

Inventory:

Hand Weapons
 a - a +3 hand axe (weapon)
Armour
 b - a scarf of repulsion (worn)
 l - a +1 helmet (worn)
 n - a +0 ring mail (worn)
Jewellery
 d - a ring of resist corrosion (left hand)
 g - an uncursed ring of stealth {unknown}
 m - a ring of see invisible (right hand)
Scrolls
 i - a scroll of remove curse
 s - 5 scrolls of teleportation
Potions
 e - 2 potions of brilliance
 f - 5 potions of heal wounds
 h - a potion of curing {unknown}
 j - a potion of cancellation {unknown}
 k - a potion of resistance {unknown}
 o - a potion of ambrosia {unknown}
 p - a potion of mutation {unknown}
 q - a potion of magic {unknown}
 r - a potion of might {unknown}
Comestibles
 c - 10 rations
 t - 6 chunks of flesh


   Skills:
 + Level 4.2 Fighting
 + Level 4.8 Axes
 * Level 3.7 Armour
 * Level 2.8 Dodging
 * Level 4.1 Invocations


You had 6 spell levels left.
You didn't know any spells.
Your spell library was empty.

Dungeon Overview and Level Annotations

Branches:
Dungeon (5/15)
 Temple: D:4-7

Altars:
Ashenzari
Cheibriados
Elyvilon
Gozag
Okawaru
Qazlal

Shops:
D:5 =


Innate Abilities, Weirdness & Mutations

You have hooves in place of feet.
Armour fits poorly on your strangely shaped body.
You cover ground very quickly.
You have extremely tough skin. (AC +3)


Message History

* * * LOW HITPOINT WARNING * * *
The orc wizard mumbles some strange words.
The orc wizard flickers and vanishes for a moment.
You barely miss the orc. Your kick misses the orc.
The orc is heavily wounded.
You slash the orc wizard! You closely miss the orc wizard.
You closely miss the iguana. The orc hits you but does no damage.
The iguana bites you.
* * * LOW HITPOINT WARNING * * *
The orc wizard hits you with a +0 dagger.
* * * LOW HITPOINT WARNING * * *
The orc wizard hits you with a +0 dagger.
* * * LOW HITPOINT WARNING * * *
The orc barely misses you. The iguana barely misses you.
Space bends around you!
You blink.
The orc wizard casts a spell at you.
You are confused.
The orc wizard points at you and mumbles some strange words.
The magic dart hits you!
You die...

#.##...# # #.##...#
####.##.##...# . ..
........# .# #.##.###..#
###.# #........(. .
#.....##.##.###..#
.∩..###.# #.#...#.# #..#
.......@# #....>..# #..#
....###.###.....#.###...
......loo........#.##...
##§#######.#....... #o#
#<......#) #.#
#.#.#####. #..# ####.#
#.#.....#< #..#
#....#######.#####.#.
...# #.##.........# #.#.


You could see an iguana, 2 orc wizards and an orc.

Vanquished Creatures
  Pikel (D:3)
  A slave (D:3)
  A centaur (D:4)
  A howler monkey (D:5)
  3 orc wizards
  2 orc priests (D:3)
  An iguana (D:4)
  A hound skeleton (D:4)
  5 adders
  2 oozes
  4 worms
  3 dart slugs
  5 leopard geckos
  21 orcs
  10 ball pythons
  8 giant cockroaches
  6 goblins
  7 hobgoblins
  4 jackals (Sewer)
  9 kobolds
  2 quokkas
  12 bats
  7 frilled lizards
  A jackal skeleton (D:4)
  A quokka skeleton (D:4)
  10 rats
128 creatures vanquished.

Vanquished Creatures (others)
  An adder (D:4)
  A dart slug (D:4)
2 creatures vanquished.

Grand Total: 130 creatures vanquished

Notes
Turn   | Place    | Note
-------+----------+-------------------------------------------
     0 | Abyss:1  | Gargoyl the Centaur Abyssal Knight began the quest for the
                  | Orb.
     0 | Abyss:1  | Reached XP level 1. HP: 19/19 MP: 2/2
    34 | Abyss:1  | Noticed a glowing orange brain
    38 | Abyss:1  | Noticed a smoke demon
    40 | D:1      | Escaped the Abyss
   261 | D:1      | Reached * piety under Lugonu
   437 | D:1      | Reached XP level 2. HP: 26/26 MP: 3/3
   792 | D:1      | Found an opulent altar of Gozag.
   801 | D:1      | Reached skill level 1 in Dodging
  1143 | D:1      | Reached XP level 3. HP: 25/31 MP: 4/4
  1643 | D:2      | Found a snail-covered altar of Cheibriados.
  1835 | D:2      | Reached ** piety under Lugonu
  2093 | D:2      | Found an iron altar of Okawaru.
  2111 | D:2      | Reached XP level 4. HP: 18/38 MP: 5/5
  2385 | D:2      | Found a shattered altar of Ashenzari.
  3102 | D:3      | Reached XP level 5. HP: 32/45 MP: 6/6
  3290 | D:3      | Reached *** piety under Lugonu
  3533 | D:3      | Found a white marble altar of Elyvilon.
  4000 | D:4      | Noticed a centaur
  4009 | D:4      | Killed a centaur
  4009 | D:4      | Reached XP level 6. HP: 34/52 MP: 8/8
  4274 | D:4      | Found a glowing drain.
  4283 | Sewer    | Entered a sewer
  5263 | D:4      | Noticed a slave
  5264 | D:4      | Noticed a slave
  5264 | D:4      | Noticed Pikel
  5266 | D:4      | Noticed a slave
  5268 | D:4      | Noticed a slave
  5284 | D:3      | Killed a slave
  5305 | D:3      | Killed Pikel
  5305 | D:3      | Reached XP level 7. HP: 13/59 MP: 8/10
  5719 | D:4      | Found a stormy altar of Qazlal.
  6040 | D:5      | Entered Level 5 of the Dungeon
  6229 | D:5      | Found Ynuell's Jewellery Shoppe.
  6229 | D:5      | Killed from afar by an orc wizard

Levels and vault maps discovered:
D:1:      scummos_arrival_simple_crosswalls, layout_basic, minmay_hexomino_r4
D:2:      layout_rooms, evilmike_ruin_ashenzari, kennysheep_slug_shrine,
          okawaru_gym_becter
D:3:      layout_loops_ring, nicolae_overflow_hidden_temple, first_ration,
          kennysheep_generic_room_10
D:4:      cheibrodos_helix_gallery, layout_rooms, grunt_qazlal_clouds,
          gup_sewer_entry_bubbles, serial_co_window_serial, co_window_corner_a,
          co_window_paths_a, co_window_paths_a, co_window_cross_1,
          co_window_cross_1, co_window_cross_3, co_window_broadway_c,
          co_window_broadway_b, co_window_of_opportunity_c, co_window_4corner_a,
          glass_columns_a, glass_columns_a, glass_columns_a, glass_columns_b,
          uniq_pikel
D:5:      layout_loops_ring, serial_shops, shop

Skill      XL: |  1  2  3  4  5  6 |
---------------+-------------------+-----
Dodging        | 1 2 |  2.8
Axes           | 2 3 4 |  4.8
Armour         | 2 3 |  3.7
Invocations    | 3 4 |  4.1
Fighting       | 4 |  4.2

Action                   |  1- 3 |  4- 6 |  7- 9 || total
-------------------------+-------+-------+-------++-------
Melee: Hand axe          |   143 |   215 |    33 ||   391
       Kick              |     9 |    38 |    10 ||    57
Invok: Depart the Abyss  |     1 |       |       ||     1
       Bend Space        |       |       |     1 ||     1
  Use: Potion            |     1 |     2 |       ||     3
       Scroll            |       |    13 |       ||    13
  Eat: Chunk             |     3 |     9 |     2 ||    14
Armor: Leather armour    |   107 |       |       ||   107
       Ring mail         |       |    99 |    19 ||   118
       Skin              |       |     5 |       ||     5
Dodge: Dodged            |    97 |    99 |    20 ||   216
       Deflected         |       |     2 |       ||     2

Table legend:
 A = Non-vault XP
 B = Vault XP
 C = Vault XP percentage of total XP
 D = Non-vault monster count
 E = Vault monster count
 F = Vault count percentage of total count
                 A         B        C        D         E       F
            +---------+---------+-------+---------+---------+-------
      Total |     544 |     826 |  60.3 |      94 |      33 |  26.0
            +---------+---------+-------+---------+---------+-------
        D:1 |      41 |       8 |  16.3 |      21 |       5 |  19.2
        D:2 |      65 |       4 |   5.8 |      22 |       1 |   4.3
        D:3 |     183 |     646 |  77.9 |      26 |       2 |   7.1
        D:4 |     187 |     140 |  42.8 |      18 |       7 |  28.0
        D:5 |      68 |       0 |   0.0 |       7 |       0 |   0.0
      Sewer |       0 |      28 | 100.0 |       0 |      18 | 100.0
            +---------+---------+-------+---------+---------+-------
